 Dungeon Crawl Stone Soup version 0.21.1-1-g345015f (webtiles) character file.

105 pk666 the Magician (level 4, 0/24 HPs)
             Began as a Deep Elf Wizard on Feb 13, 2018.
             Slain by a killer bee (2 damage)
             ... on level 3 of the Dungeon.
             The game lasted 00:05:41 (3025 turns).

pk666 the Magician (Deep Elf Wizard)                Turns: 3025, Time: 00:05:41

Health: 0/24       AC:  2    Str:  4    XL:     4   Next: 53%
Magic:  12/13      EV: 13    Int: 24    God:
Gold:   114        SH:  0    Dex: 13    Spells: 4/13 levels left

rFire    . . .     SeeInvis .   (no weapon)
rCold    . . .     Gourm    .   (no shield)
rNeg     . . .     Faith    .   a - +0 robe
rPois    .         Spirit   .   b - +0 hat
rElec    .         Reflect  .   (no cloak)
rCorr    .         Harm     .   (no gloves)
MR       .....                  (no boots)
Stlth    ++........             (no amulet)
HPRegen  0.08/turn              (no ring)
MPRegen  0.13/turn              (no ring)

@: lethally poisoned (0 -> -16)
A: no striking features
a: no special abilities


You were on level 3 of the Dungeon.
You were not hungry.

You visited 1 branch of the dungeon, and saw 3 of its levels.

You collected 114 gold pieces.

Inventory:

Armour
 a - a +0 robe (worn)
 b - a +0 hat (worn)
Scrolls
 f - 2 scrolls of enchant weapon {unknown}
 g - 2 scrolls of remove curse {unknown}
 h - 5 scrolls of teleportation {unknown}
 k - 3 scrolls of identify {unknown}
 p - a scroll of random uselessness {unknown}
 q - a scroll of enchant armour {unknown}
 s - a scroll of magic mapping {unknown}
 t - a scroll of immolation {unknown}
 u - a scroll of fear {unknown}
 v - a scroll of fog {unknown}
Potions
 e - 2 potions of agility {unknown}
 i - 2 potions of mutation {unknown}
 j - 2 potions of haste {unknown}
 l - 3 potions of heal wounds {unknown}
 n - a potion of resistance {unknown}
 o - a potion of curing {unknown}
 r - a potion of lignification {unknown}
Books
 c - a book of Minor Magic

   Spells                             Type                      Level
   a - Magic Dart                     Conjuration                  1
   b - Blink                          Translocation                2
   c - Call Imp                       Summoning                    2
   d - Slow                           Hexes                        2
   e - Conjure Flame                  Conjuration/Fire             3
   f - Mephitic Cloud                 Conjuration/Poison/Air       3
Comestibles
 d - 4 rations
 m - a chunk of flesh


   Skills:
 + Level 3.7 Dodging
 - Level 2.4 Stealth
 + Level 5.4 Spellcasting
 + Level 2.6 Conjurations
   Level 1.1 Summonings
 - Level 1.1 Translocations
 * Level 1.0 Fire Magic
 * Level 0.7 Air Magic
 * Level 0.3 Poison Magic


You had 4 spell levels left.
You knew the following spells:

 Your Spells              Type           Power        Failure   Level  Hunger
a - Magic Dart            Conj           ###.         3%          1    None
b - Blink                 Tloc           N/A          9%          2    None
d - Conjure Flame         Conj/Fire      ###.....     12%         3    ##.....
z - Mephitic Cloud        Conj/Pois/Air  ##......     16%         3    ##.....


Dungeon Overview and Level Annotations

Branches:
Dungeon (3/15)

Altars:
Okawaru


Message History

The magic dart hits the killer bee.
The killer bee is moderately wounded.
A killer bee comes into view.
The killer bee stings you but does no damage. x2
The killer bee stings you!
A killer bee comes into view.
The killer bee buzzes angrily.
The killer bee misses you. The killer bee barely misses you.
The killer bee barely misses you. The killer bee stings you.
You are poisoned.
The killer bee poisons you!
You feel sick. The killer bee stings you.
You are lethally poisoned!
The killer bee poisons you! The killer bee stings you.
The killer bee closely misses you. The killer bee stings you.
* * * LOW HITPOINT WARNING * * *
There is a stone staircase leading up, spattered with blood here.
* * * LOW HITPOINT WARNING * * *
You feel sick.
The killer bee misses you. x2; The killer bee stings you.
You die...

.......[.....#.....#
..........#.....#
.......##.#...###
.......##....<#
.......)......##
.......)[..#(..##
#.....)........#
#...........#..##
.(##.###...รท@....#
#..###...yyy...#
......#..y.y..###
#............### #
..........(.#
.....!......#
....[.......#
...........##
.#...##...##


You could see 5 killer bees.

Vanquished Creatures
  2 adders
  2 worms
  A leopard gecko (D:3)
  4 orcs (D:3)
  A ball python (D:2)
  11 bats
  3 giant cockroaches
  5 goblins
  7 hobgoblins
  12 jackals
  8 kobolds
  A quokka (D:2)
  2 frilled lizards
  7 rats
66 creatures vanquished.

Notes
Turn   | Place    | Note
-------+----------+-------------------------------------------
     0 | D:1      | pk666 the Deep Elf Wizard began the quest for the Orb.
     0 | D:1      | Reached XP level 1. HP: 10/10 MP: 7/7
   188 | D:1      | Reached XP level 2. HP: 6/15 MP: 0/9
   353 | D:1      | Found an iron altar of Okawaru.
  1443 | D:2      | Reached XP level 3. HP: 18/19 MP: 6/11
  1449 | D:1      | Reached skill level 5 in Spellcasting
  2241 | D:2      | Reached XP level 4. HP: 23/24 MP: 2/13
  2335 | D:2      | Learned a level 2 spell: Blink
  2339 | D:2      | Learned a level 3 spell: Mephitic Cloud
  2343 | D:2      | Learned a level 3 spell: Conjure Flame
  2883 | D:3      | Reached skill level 1 in Fire Magic
  3025 | D:3      | Slain by a killer bee

Skill      XL: |  1  2  3  4 |
---------------+-------------+-----
Dodging        | 3 |  3.7
Conjurations   | 2 |  2.6
Spellcasting   | 5 |  5.4
Fire Magic     | 1 |  1.0
Stealth        | |  2.4
Summonings     | |  1.1
Translocations | |  1.1
Air Magic      | |  0.7
Poison Magic   | |  0.3

Action                   |  1- 3 |  4- 6 || total
-------------------------+-------+-------++-------
 Cast: Magic Dart        |   112 |    55 ||   167
  Eat: Chunk             |     4 |     2 ||     6
Armor: Robe              |    13 |     4 ||    17
Dodge: Dodged            |    50 |    13 ||    63
